[Event "fics rated crazyhouse match"]
[Site "fics, Oklahoma City, OK USA"]
[Date "2000.11.28"]
[White "JKiller"]
[WhiteElo "2425"]
[Black "Bugzilla"]
[BlackElo "2267"]
[TimeControl "60+0"]
[Result "1-0"]

1. e4 Nf6 2. e5 Nc6 3. exf6 exf6 4. d4 d5 5. Ne2 Bb4+ 6. Nbc3 
O-O 7. Be3 Re8 8. Nf4 P@e5 9. dxe5 Rxe5 10. P@d4 Re4 11. Bd3 Nxd4 
12. Bxe4 dxe4 13. Bxd4 Bxc3+ 14. Bxc3 Qxd1+ 15. Rxd1 Bg4 16. N@h6+ gxh6 17. N@e7+ 
Kf8 18. R@g8+ Kxe7 19. Nd5# 
{Bugzilla resigns} 1-0

[Event "fics rated crazyhouse match"]
[Site "fics, Oklahoma City, OK USA"]
[Date "2000.11.28"]
[White "Bugzilla"]
[WhiteElo "2262"]
[Black "JKiller"]
[BlackElo "2430"]
[TimeControl "60+0"]
[Result "0-1"]

1. e4 e6 2. Nc3 Nc6 3. d4 d5 4. e5 Nge7 5. Nf3 Nf5 6. Bb5 
Be7 7. O-O O-O 8. Re1 f6 9. exf6 Bxf6 10. P@g5 Be7 11. Bxc6 bxc6 
12. N@e5 B@e8 13. Bf4 P@e4 14. Nd2 Bxg5 15. Bxg5 Qxg5 16. B@g3 P@f4 17. Ndxe4 
dxe4 18. Nxe4 fxg3 19. hxg3 Qd8 20. P@h2 B@d5 21. P@f3 Bxe4 22. fxe4 Nxd4 
23. P@f7+ Bxf7 24. Nxf7 Rxf7 25. B@e3 N@f3+ 26. Kh1 P@h3 27. B@f1 Nxe1 28. Bxd4 
hxg2+ 29. Bxg2 P@f3 30. Bxf3 Nxf3 31. P@g2 P@h3 32. gxh3 B@g2+ 33. Kxg2 N@h4+ 
34. gxh4 Nxh4+ 35. Kg1 N@f3+ 36. Kf1 R@h1+ 37. Ke2 Rxd1 38. N@h6+ gxh6 
{Bugzilla forfeits on time} 0-1

[Event "fics rated crazyhouse match"]
[Site "fics, Oklahoma City, OK USA"]
[Date "2000.11.28"]
[White "JKiller"]
[WhiteElo "2434"]
[Black "Bugzilla"]
[BlackElo "2258"]
[TimeControl "60+0"]
[Result "1-0"]

1. e4 Nf6 2. e5 d5 3. exf6 exf6 4. d4 Nc6 5. Ne2 Bb4+ 6. Nbc3 
O-O 7. Be3 Re8 8. Nf4 Bf5 9. Be2 Bxc3+ 10. bxc3 N@e4 11. B@d2 Nxd2 
12. Qxd2 B@h6 13. N@g3 P@g6 14. Nxf5 gxf5 15. O-O Bxf4 16. Bxf4 N@e4 17. Qe3 
N@g5 18. Bxg5 fxg5 19. B@g3 f4 20. Bxf4 gxf4 21. Qxf4 B@g5 22. Qg4 B@d7 
23. P@f5 Nxc3 24. P@e6 Nxe2+ 25. Qxe2 fxe6 26. B@f7+ Kxf7 27. fxe6+ Bxe6 28. N@e5+ 
Nxe5 29. dxe5 N@f4 30. Qf3 Kg8 31. N@h5 B@e4 32. Qxf4 Bxf4 33. Nxf4 Bg4 
34. P@f3 Bgxf3 35. B@f7+ Kxf7 36. e6+ Kg8 37. N@h6+ Kh8 38. N@f7# 
{Bugzilla checkmated} 1-0

[Event "fics rated crazyhouse match"]
[Site "fics, Oklahoma City, OK USA"]
[Date "2000.11.28"]
[White "Bugzilla"]
[WhiteElo "2254"]
[Black "JKiller"]
[BlackElo "2438"]
[TimeControl "60+0"]
[Result "0-1"]

1. e4 e6 2. Nc3 Nc6 3. d4 Bb4 4. Nf3 d5 5. exd5 Qxd5 6. Bb5 
P@g4 7. Bxc6+ bxc6 8. N@e3 gxf3 9. Nxd5 exd5 10. Qxf3 B@e4 11. Qe2 N@e6 
12. P@e3 Bxg2 13. Rg1 N@f3+ 14. Kd1 Nxg1 15. Q@g3 Nxe2 16. Kxe2 Q@f1+ 17. Kd2 
R@d1# 
{Bugzilla checkmated} 0-1

[Event "fics rated crazyhouse match"]
[Site "fics, Oklahoma City, OK USA"]
[Date "2000.11.28"]
[White "JKiller"]
[WhiteElo "2442"]
[Black "Bugzilla"]
[BlackElo "2250"]
[TimeControl "60+0"]
[Result "1-0"]

1. e4 e5 2. Nf3 Nc6 3. Bc4 Bc5 4. Nc3 Nf6 5. d3 d6 6. Nd5 
Nxd5 7. Bxd5 O-O 8. Bg5 Qe8 9. O-O Bg4 10. Bxc6 bxc6 11. N@f6+ gxf6 
12. N@h6+ Kh8 13. Bxf6+ B@g7 14. Bxg7+ Kxg7 15. Nxg4 f6 16. B@h6+ Kg8 17. Bxf8 
Qxf8 18. P@g5 N@f4 19. Nxf6+ Kh8 20. P@h6 N@e6 21. d4 exd4 22. Nxd4 Bxd4 
23. P@g7+ Nxg7 24. hxg7+ Qxg7 25. B@h6 Bxf6 26. Bxg7+ Bxg7 27. Qg4 N@e2+ 28. Kh1 
B@e6 29. Qxe6 Nxe6 30. B@h6 B@e5 31. Bxg7+ Bxg7 32. B@h6 B@e5 33. Bxg7+ Bxg7 
34. B@f6 B@e5 35. N@f7+ Kg8 36. R@h8+ Bxh8 37. Nh6+ Kf8 38. Q@f7# 
{Bugzilla checkmated} 1-0

[Event "fics rated crazyhouse match"]
[Site "fics, Oklahoma City, OK USA"]
[Date "2000.11.28"]
[White "Bugzilla"]
[WhiteElo "2246"]
[Black "JKiller"]
[BlackElo "2446"]
[TimeControl "60+0"]
[Result "1/2-1/2"]

1. e4 e6 2. Nc3 Nc6 3. d4 d5 4. Nf3 dxe4 5. Nxe4 P@g4 6. Ne5 
Nxe5 7. dxe5 Qxd1+ 8. Kxd1 Bd7 9. Bg5 N@d5 10. Bc4 h6 11. Bxd5 exd5 
12. N@d6+ Bxd6 13. Nxd6+ cxd6 14. N@c7+ Kf8 15. P@e7+ Nxe7 16. Bxe7+ Kg8 17. B@d3 
B@a5 18. c3 Bxc7 19. exd6 Bb6 20. P@f6 P@e3 21. Q@e2 exf2 22. fxg7 N@e3+ 
23. Kc1 Kxg7 24. N@h5+ Kg8 25. P@d2 P@g7 26. dxe3 N@e5 27. N@f6+ gxf6 28. Nxf6+ 
Kg7 29. Nh5+ Kg8 30. Nf6+ Kg7 31. Nh5+ Kg8 32. Nf6+ Kg7 33. Nh5+ Kg8 
34. Nf6+ Kg7 
{Game drawn by repetition} 1/2-1/2

[Event "fics rated crazyhouse match"]
[Site "fics, Oklahoma City, OK USA"]
[Date "2000.11.28"]
[White "JKiller"]
[WhiteElo "2442"]
[Black "Bugzilla"]
[BlackElo "2250"]
[TimeControl "60+0"]
[Result "1-0"]

1. e4 e6 2. d4 Nc6 3. Nc3 Bb4 4. a3 d5 5. axb4 Nxb4 6. Nf3 
dxe4 7. Nxe4 P@d5 8. Neg5 P@f6 9. Nxf7 Kxf7 10. B@h5+ g6 11. P@h6 gxh5 
12. P@g7 Ne7 13. gxh8=Q Qxh8 14. R@g7+ Ke8 15. Ne5 fxe5 16. Qxh5+ B@g6 17. Qxe5 
Nxc2+ 18. Kd1 Nxd4 19. Qxd4 P@c2+ 20. Ke1 Qf8 21. Bb5+ Kd8 22. P@f6 Nf5 
23. P@e7+ Nxe7 24. fxe7+ Qxe7 25. Rxe7 N@f3+ 26. gxf3 N@g2+ 27. Kf1 Kxe7 28. Q@f6+ 
Kd6 29. N@c4# 
{Bugzilla checkmated} 1-0

[Event "fics rated crazyhouse match"]
[Site "fics, Oklahoma City, OK USA"]
[Date "2000.11.28"]
[White "Bugzilla"]
[WhiteElo "2246"]
[Black "JKiller"]
[BlackElo "2446"]
[TimeControl "60+0"]
[Result "1-0"]

1. e3 e6 2. b3 Nc6 3. Bb2 Nf6 4. Nf3 d5 5. Bb5 Be7 6. O-O 
O-O 7. Bxc6 bxc6 8. Ne5 Bd7 9. N@d4 c5 10. Ndc6 Bxc6 11. Nxc6 Qd7 
12. Nxe7+ Qxe7 13. B@h4 N@e4 14. d3 N@f5 15. B@g5 Nxg5 16. Bxg5 h6 17. Bgxf6 
gxf6 18. N@h5 B@h8 19. N@g4 B@g5 20. f4 B@g6 21. fxg5 Bxh5 22. gxf6 Qd6 
23. Rxf5 exf5 24. Nxh6+ Kh7 25. Qxh5 R@e1+ 26. B@f1 N@e2+ 27. Kf2 Rxf1+ 28. Kxf1 
B@g6 29. Nxf5+ Bxh5 30. R@h6+ Kg8 31. P@h7# 
{JKiller checkmated} 1-0

[Event "fics rated crazyhouse match"]
[Site "fics, Oklahoma City, OK USA"]
[Date "2000.11.29"]
[White "tantheman"]
[WhiteElo "2253"]
[Black "BarryWhite"]
[BlackElo "2427"]
[TimeControl "120+0"]
[Result "1-0"]

1. e4 e6 2. Nc3 d5 3. exd5 exd5 4. Bb5+ Nc6 5. Qe2+ P@e6 6. Nf3 
Nf6 7. d4 Bd7 8. Bxc6 Bxc6 9. Ne5 B@a6 10. P@d3 Bb4 11. Bd2 Qe7 
12. a3 Bxc3 13. Bxc3 N@f4 14. Qf3 Ng6 15. Bb4 Nxe5 16. dxe5 N@d4 17. Qd1 
Qd8 18. B@e7 Qxe7 19. Bxe7 Kxe7 20. exf6+ gxf6 21. N@h5 B@g5 22. O-O P@e2 
23. N@h3 exd1=Q 24. Raxd1 B@e2 25. Nxg5 Bxh5 26. P@e5 fxe5 27. B@h4 P@f6 28. N@f3 
Bxf3 29. Nxf3 Nxf3+ 30. gxf3 N@h3+ 31. Kh1 N@g5 32. B@g2 N@f4 33. N@e3 Nxg2 
34. Nxg2 d4 35. Bxg5 Nxg5 36. N@h4 B@h3 37. Rg1 Nxf3 38. Nxf3 Bxf3 39. N@h4 
Bhxg2+ 40. Nxg2 P@h3 41. B@h4 hxg2+ 42. Rxg2 Bxg2+ 43. Kxg2 N@f4+ 44. Kf1 Q@e2+ 
45. Kg1 R@g2+ 46. Kh1 
{BarryWhite forfeits on time} 1-0

[Event "fics rated crazyhouse match"]
[Site "fics, Oklahoma City, OK USA"]
[Date "2000.11.29"]
[White "BarryWhite"]
[WhiteElo "2415"]
[Black "tantheman"]
[BlackElo "2265"]
[TimeControl "120+0"]
[Result "1-0"]

1. e4 e6 2. Nc3 b6 3. d4 Bb7 4. Bd3 Nf6 5. Nf3 Be7 6. O-O 
O-O 7. Be3 c5 8. e5 Nd5 9. Nxd5 exd5 10. N@h5 cxd4 11. Bxd4 P@e4 
12. Nxg7 exd3 13. cxd3 N@e6 14. P@f6 Nxg7 15. fxg7 Re8 16. P@f6 N@f5 17. fxe7 
Rxe7 18. B@f8 B@f4 19. N@f6# 
{tantheman checkmated} 1-0

[Event "fics rated crazyhouse match"]
[Site "fics, Oklahoma City, OK USA"]
[Date "2000.11.29"]
[White "tantheman"]
[WhiteElo "2260"]
[Black "BarryWhite"]
[BlackElo "2420"]
[TimeControl "120+0"]
[Result "1-0"]

1. e4 e6 2. Nc3 d5 3. exd5 exd5 4. Bb5+ Nc6 5. Qe2+ P@e6 6. Nf3 
Nf6 7. d4 Bd7 8. Bxc6 Bxc6 9. Ne5 B@b4 10. Nxc6 bxc6 11. B@b7 N@a5 
12. Bxa8 Qxa8 13. O-O Bxc3 14. bxc3 Ne4 15. Bb2 Nc4 16. Rab1 B@b5 17. P@d3 
Nxb2 18. Rxb2 Nxc3 19. Qd2 B@h6 20. B@e3 P@f4 21. Rxb5 N@e2+ 22. Kh1 cxb5 
23. N@a5 R@b6 24. B@c5 Bxc5 25. dxc5 O-O 26. cxb6 axb6 27. Nc6 fxe3 28. fxe3 
B@g5 29. P@f4 Qxc6 30. fxg5 Bxg5 31. B@f4 Nxf4 32. exf4 Bf6 33. N@g4 B@e7 
34. B@g5 B@d8 35. Bxf6 Bxf6 36. B@g5 B@e7 37. Bxf6 Bxf6 38. N@h6+ gxh6 39. Nxh6+ 
Kh8 40. B@e5 B@g6 41. Bxf6+ Bxf6 42. B@e5 P@g7 43. Bxf6 gxf6 44. P@g5 P@g7 
45. gxf6 
{BarryWhite forfeits on time} 1-0

[Event "fics rated crazyhouse match"]
[Site "fics, Oklahoma City, OK USA"]
[Date "2000.11.29"]
[White "BarryWhite"]
[WhiteElo "2408"]
[Black "tantheman"]
[BlackElo "2271"]
[TimeControl "120+0"]
[Result "1-0"]

1. e4 e6 2. Nf3 b6 3. d4 Bb7 4. Bd3 Nf6 5. Nc3 Be7 6. O-O 
O-O 7. e5 Nd5 8. Nxd5 exd5 9. Bxh7+ Kxh7 10. N@g5+ Kh8 11. h4 B@h5 
12. Qd3 N@e4 13. Be3 Nxg5 14. Nxg5 N@e4 15. N@f4 Nxg5 16. hxg5 Bxg5 17. Nxh5 
P@h2+ 18. Kh1 Bxe3 19. Qxe3 B@g6 20. P@h6 Bxh5 21. hxg7+ Kxg7 22. B@f6+ Kg8 
23. Qh6 Qxf6 24. exf6 B@f3 25. Q@g7# 
{tantheman checkmated} 1-0

[Event "fics rated crazyhouse match"]
[Site "fics, Oklahoma City, OK USA"]
[Date "2000.11.29"]
[White "tantheman"]
[WhiteElo "2266"]
[Black "BarryWhite"]
[BlackElo "2413"]
[TimeControl "120+0"]
[Result "0-1"]

1. e4 e6 2. Nc3 Nf6 3. Nf3 d5 4. exd5 Nxd5 5. Bb5+ Nc6 6. Nxd5 
Qxd5 7. Qe2 N@f4 8. Bxc6+ bxc6 9. N@a6 Bxa6 10. Qxa6 Nxg2+ 11. Kd1 B@b5 
12. B@f1 Qxf3+ 13. P@e2 Bxa6 
{tantheman resigns} 0-1

[Event "fics rated crazyhouse match"]
[Site "fics, Oklahoma City, OK USA"]
[Date "2000.11.29"]
[White "BarryWhite"]
[WhiteElo "2418"]
[Black "tantheman"]
[BlackElo "2261"]
[TimeControl "120+0"]
[Result "1-0"]

1. e4 e6 2. Nc3 Nc6 3. d4 Nf6 4. Nf3 Bb4 5. Bd3 d5 6. exd5 
Nxd5 7. Bd2 Bxc3 8. bxc3 N@f4 9. Rg1 O-O 10. Bxf4 Nxf4 11. B@g5 Nxd3+ 
12. cxd3 P@f6 13. P@h6 gxh6 14. Bxh6 P@g7 15. Bxg7 Kxg7 16. N@h5+ Kg6 17. Nh4+ 
Kh6 18. f4 B@f5 19. Nxf5+ exf5 20. B@g7+ Kg6 21. N@h4# 
{tantheman checkmated} 1-0

[Event "fics rated crazyhouse match"]
[Site "fics, Oklahoma City, OK USA"]
[Date "2000.11.29"]
[White "tantheman"]
[WhiteElo "2256"]
[Black "BarryWhite"]
[BlackElo "2423"]
[TimeControl "120+0"]
[Result "1-0"]

1. e4 e6 2. Nc3 Nf6 3. Nf3 d5 4. exd5 Nxd5 5. d4 Nc6 6. Bd3 
Bb4 7. Bd2 Bxc3 8. bxc3 N@f4 9. Rg1 Nxd3+ 10. cxd3 B@b2 11. N@h5 Rg8 
12. B@b4 Ncxb4 13. cxb4 P@c3 14. Bg5 B@e7 15. P@f6 Nxf6 16. Bxf6 Bxf6 17. Nxf6+ 
gxf6 18. N@h6 Rg6 19. Nxf7 Kxf7 20. N@e5+ fxe5 21. Nxe5+ Kg7 22. Nxg6 hxg6 
23. P@e5 N@d5 24. P@f6+ Nxf6 25. exf6+ Kxf6 26. B@g5+ Kxg5 27. N@f7+ Kf6 28. Nxd8 
P@d2+ 29. Kf1 B@e8 30. Q@f8+ B@f7 31. h4 N@f5 32. g4 N@h2+ 33. Kg2 Nxh4+ 
34. Kxh2 N@f3+ 35. Kg3 P@f4+ 36. Kxf4 g5+ 37. Kg3 Bxa1 38. P@e5+ Nxe5 39. dxe5+ 
Kxe5 40. N@c4+ Kd4 41. Qc5+ Kxd3 42. R@e3# 
{BarryWhite checkmated} 1-0

[Event "fics rated crazyhouse match"]
[Site "fics, Oklahoma City, OK USA"]
[Date "2000.11.29"]
[White "BarryWhite"]
[WhiteElo "2411"]
[Black "tantheman"]
[BlackElo "2268"]
[TimeControl "120+0"]
[Result "1-0"]

1. e4 e6 2. Nc3 b6 3. d4 Bb7 4. Bd3 Nf6 5. Nf3 d5 6. exd5 
Nxd5 7. Bd2 Be7 8. P@e4 Nxc3 9. bxc3 h5 10. Ne5 P@f6 11. Nxf7 Kxf7 
12. P@f5 exf5 13. exf5 N@h4 14. P@e6+ Ke8 15. Bb5+ P@d7 16. Bxd7+ Nxd7 17. P@f7+ 
Kf8 18. N@g6+ Nxg6 19. fxg6 B@e4 20. N@h7+ Rxh7 21. gxh7 Bxh7 22. R@h8+ N@g8 
23. Qxh5 N@g6 24. Qxh7 Ba3 25. Rxg8+ Ke7 26. Qxg6 N@h4 27. Re8+ Qxe8 28. fxe8=Q+ 
Rxe8 29. Q@f7+ Kd6 30. Qxd7# 
{tantheman checkmated} 1-0

[Event "fics rated crazyhouse match"]
[Site "fics, Oklahoma City, OK USA"]
[Date "2000.11.29"]
[White "tantheman"]
[WhiteElo "2263"]
[Black "BarryWhite"]
[BlackElo "2416"]
[TimeControl "120+0"]
[Result "0-1"]

1. e4 e6 2. Nc3 Nf6 3. Nf3 d5 4. exd5 Nxd5 5. d4 Nc6 6. Bd2 
Bb4 7. Bd3 Bxc3 8. bxc3 N@f4 9. Rg1 Nxd3+ 10. cxd3 B@b2 11. B@e4 Nxc3 
12. Bxc3 Bxc3+ 13. P@d2 Bxa1 14. Qxa1 Nxd4 15. Nxd4 Qxd4 16. Qxd4 N@c2+ 17. Kd1 
Nxd4 18. N@f6+ gxf6 19. N@g7+ Kd8 20. B@e7+ Kxe7 21. Q@c5+ Q@d6 22. Qxd6+ cxd6 
{tantheman resigns} 0-1

[Event "fics rated crazyhouse match"]
[Site "fics, Oklahoma City, OK USA"]
[Date "2000.11.29"]
[White "BarryWhite"]
[WhiteElo "2421"]
[Black "tantheman"]
[BlackElo "2258"]
[TimeControl "120+0"]
[Result "0-1"]

1. e4 e6 2. d4 b6 3. Nc3 Bb7 4. Bd3 Nf6 5. Nf3 Bb4 6. Qe2 
d5 7. exd5 Nxd5 8. Bd2 Bxc3 9. bxc3 N@f4 10. Bxf4 Nxf4 11. Qf1 P@h3 
12. Rg1 hxg2 13. Rxg2 Bxf3 14. B@h1 B@b2 15. Rxg7 Bxc3+ 16. P@d2 Bxh1 17. Qxh1 
P@g2 18. Rxg2 Bxa1 19. N@g7+ Kd7 20. B@d1 B@b7 21. P@e4 R@c1 22. P@e2 N@b2 
{BarryWhite resigns} 0-1

[Event "fics rated crazyhouse match"]
[Site "fics, Oklahoma City, OK USA"]
[Date "2000.11.29"]
[White "ronenl"]
[WhiteElo "2281"]
[Black "tantheman"]
[BlackElo "2269"]
[TimeControl "180+0"]
[Result "1-0"]

1. e4 e6 2. Nc3 Nc6 3. d4 Nf6 4. e5 Nd5 5. Nxd5 exd5 6. Nf3 
d6 7. Bb5 Bd7 8. Qe2 Be7 9. exd6 cxd6 10. P@h6 Rg8 11. hxg7 Rxg7 
12. P@f6 Rxg2 13. Bxc6 Bxc6 14. fxe7 Qxe7 15. Qxe7+ Kxe7 16. N@f5+ Kd7 17. Q@e7+ 
Kc8 18. Nxd6+ Kb8 19. P@c7# 
{tantheman checkmated} 1-0

[Event "fics rated crazyhouse match"]
[Site "fics, Oklahoma City, OK USA"]
[Date "2000.11.29"]
[White "tantheman"]
[WhiteElo "2261"]
[Black "ronenl"]
[BlackElo "2289"]
[TimeControl "180+0"]
[Result "0-1"]

1. e4 e6 2. Nc3 d5 3. exd5 exd5 4. Bb5+ Nc6 5. Qe2+ Be7 6. Nf3 
Bg4 7. d4 P@e4 8. Rg1 Nf6 9. P@h6 gxh6 10. Bxh6 Rg8 11. P@e5 Bxf3 
12. Qxf3 exf3 13. O-O-O Ne4 14. Nxe4 dxe4 15. B@f5 P@a3 16. bxa3 Bxa3+ 17. Kd2 
Bb4+ 18. Kc1 Q@a1# 
{tantheman resigns} 0-1

[Event "fics rated crazyhouse match"]
[Site "fics, Oklahoma City, OK USA"]
[Date "2000.11.29"]
[White "ronenl"]
[WhiteElo "2296"]
[Black "tantheman"]
[BlackElo "2254"]
[TimeControl "180+0"]
[Result "1-0"]

1. e4 e6 2. Nc3 Nf6 3. e5 Nd5 4. Nxd5 exd5 5. Nf3 d6 6. d4 
Nc6 7. Bb5 Bd7 8. Qe2 Qe7 9. Bf4 N@e4 10. exd6 cxd6 11. Bxc6 Bxc6 
12. N@f5 Qd7 13. Bxd6 Bxd6 14. Nxg7+ Kd8 15. P@e5 Bb4+ 16. P@d2 B@h6 17. P@f6 
B@g4 18. O-O Bxf3 19. Qxf3 Ng5 20. Qd1 Bxd2 21. B@g4 P@e6 22. Qxd2 N@f3+ 
23. gxf3 Nxf3+ 24. Bxf3 Bxd2 25. N@c5 Qc7 26. B@e7+ Kc8 27. N@d6+ Kb8 28. N@a6+ 
bxa6 29. Nxa6# 
{tantheman checkmated} 1-0

[Event "fics rated crazyhouse match"]
[Site "fics, Oklahoma City, OK USA"]
[Date "2000.11.29"]
[White "tantheman"]
[WhiteElo "2247"]
[Black "ronenl"]
[BlackElo "2303"]
[TimeControl "180+0"]
[Result "1-0"]

1. e4 e6 2. Nc3 d5 3. Nf3 dxe4 4. Nxe4 Nc6 5. d4 Be7 6. P@e5 
h6 7. Bd3 P@g4 8. c3 gxf3 9. Qxf3 N@f5 10. Ng3 Nh4 11. Qe4 Qd5 
12. P@g6 fxg6 13. Qxd5 exd5 14. Rg1 Bg4 15. Be3 P@f3 16. gxf3 Nxf3+ 17. Kf1 
Nxh2+ 18. Ke1 Nf3+ 19. Kf1 Nh4 20. P@g2 P@h2 21. Rh1 P@f3 22. Rxh2 fxg2+ 
23. Kg1 P@h3 24. P@e2 O-O-O 25. c4 Rf8 26. cxd5 Bxe2 27. Bxe2 P@f3 28. dxc6 
Q@h1+ 29. Rxh1 gxh1=Q+ 30. Kxh1 R@b8 31. P@d7# 
{ronenl forfeits on time} 1-0

[Event "fics rated crazyhouse match"]
[Site "fics, Oklahoma City, OK USA"]
[Date "2000.11.29"]
[White "tantheman"]
[WhiteElo "2256"]
[Black "BarryWhite"]
[BlackElo "2410"]
[TimeControl "120+0"]
[Result "0-1"]

1. e4 e6 2. Nc3 Nf6 3. Nf3 Nc6 4. e5 Ng4 5. d4 d6 6. exd6 
Bxd6 7. Bd3 Nxf2 8. Kxf2 P@g4 9. N@h5 Bf8 10. Rf1 gxf3 11. gxf3 Nxd4 
12. P@g2 P@g6 13. Nxg7+ Bxg7 14. P@h6 Bf6 15. P@g7 Rg8 16. Ne4 Be7 17. c3 
Nf5 18. Bb5+ P@c6 19. Qxd8+ Kxd8 20. Bd3 N@e5 21. Be2 N@d3+ 22. Kg1 Nxc1 
23. Raxc1 B@e3+ 24. Kh1 Bxc1 25. Rxc1 Q@e3 26. Rd1+ R@d5 27. B@g1 Qxe2 28. Rxd5+ 
exd5 29. R@f2 Qe1 30. N@f6 Nd3 31. Q@e2 dxe4 32. Qxe1 Nxe1 33. Nxg8 N@g3+ 
34. hxg3 Nxg3+ 35. Kh2 Q@h4+ 36. N@h3 B@d6 37. R@f8+ Bxf8 38. gxf8=Q+ Bxf8 39. Q@g5+ 
Qxg5 40. Nxg5 Q@h4+ 41. B@h3 Bxh3 
{tantheman forfeits on time} 0-1

[Event "fics rated crazyhouse match"]
[Site "fics, Oklahoma City, OK USA"]
[Date "2000.11.29"]
[White "ronenl"]
[WhiteElo "2294"]
[Black "BarryWhite"]
[BlackElo "2415"]
[TimeControl "120+0"]
[Result "0-1"]

1. e4 e6 2. Nc3 d5 3. exd5 exd5 4. Bb5+ Nc6 5. Qe2+ P@e6 6. d4 
Nf6 7. Bg5 Be7 8. Nf3 Bd7 9. O-O a6 10. Bd3 h6 11. Bxf6 Bxf6 
12. P@e5 Be7 13. N@h5 B@f8 14. h3 Nb4 15. Nh2 Nxd3 16. cxd3 B@g6 17. Nf4 
Bg5 18. Nxg6 fxg6 19. Ng4 Bfe7 20. f4 Bh4 21. Nxd5 N@g3 22. Qe3 Nf5 
23. Qe2 Nxd4 24. Qe4 exd5 25. Qxg6+ P@f7 26. Qxg7 Ne2+ 27. Kh1 N@g3+ 28. Kh2 
Nxf1+ 29. Rxf1 Bxg4 30. Qxh8+ Kd7 31. P@c6+ bxc6 32. Qxd8+ Kxd8 33. N@b7+ Ke8 
34. R@g8+ R@f8 35. P@d7+ Kxd7 36. N@c5+ Bxc5 37. Nxc5+ Ke8 38. Q@d7+ Bxd7 39. Rxf8+ 
Kxf8 40. Nxd7+ Ke7 41. R@h1 P@g3# 
{ronenl checkmated} 0-1

[Event "fics rated crazyhouse match"]
[Site "fics, Oklahoma City, OK USA"]
[Date "2000.11.29"]
[White "BarryWhite"]
[WhiteElo "2420"]
[Black "ronenl"]
[BlackElo "2289"]
[TimeControl "120+0"]
[Result "1-0"]

1. e4 e6 2. d4 d5 3. Nc3 dxe4 4. Nxe4 Nc6 5. Be3 Be7 6. Nf3 
Nf6 7. Neg5 Nd5 8. Nxf7 Kxf7 9. Bb5 P@f6 10. Bxc6 bxc6 11. O-O B@h5 
12. Ne5+ fxe5 13. Qxh5+ Kf8 14. P@h6 Bf6 15. dxe5 gxh6 16. Bxh6+ P@g7 17. exf6 
Qxf6 18. Bxg7+ Kxg7 19. B@e5 N@h3+ 20. Kh1 
{ronenl resigns} 1-0

[Event "fics rated crazyhouse match"]
[Site "fics, Oklahoma City, OK USA"]
[Date "2000.11.29"]
[White "ronenl"]
[WhiteElo "2284"]
[Black "BarryWhite"]
[BlackElo "2425"]
[TimeControl "120+0"]
[Result "0-1"]

1. e4 e6 2. Nc3 Nf6 3. e5 Nd5 4. Nxd5 exd5 5. d4 d6 6. Nf3 
Nc6 7. Bb5 Bd7 8. Qe2 Be7 9. exd6 cxd6 10. N@h5 Rg8 11. P@f6 P@e4 
12. fxe7 Qxe7 13. Bxc6 Bxc6 14. N@f5 B@b5 15. Qe3 N@g4 16. Qf4 exf3+ 17. Nxe7 
fxg2 18. Rg1 Nxh2 19. B@g4 Nxg4 20. Qxg4 P@h2 21. Nxg7+ Rxg7 22. P@d7+ Bxd7 
23. N@f6+ Kd8 24. Q@c7+ Kxc7 25. Nfxd5+ Kd8 26. P@c7+ Ke8 27. Nf6+ Kf8 
{ronenl forfeits on time} 0-1

[Event "fics rated crazyhouse match"]
[Site "fics, Oklahoma City, OK USA"]
[Date "2000.11.29"]
[White "BarryWhite"]
[WhiteElo "2430"]
[Black "ronenl"]
[BlackElo "2279"]
[TimeControl "120+0"]
[Result "1-0"]

1. e4 e6 2. Nc3 d5 3. d4 dxe4 4. Nxe4 Nc6 5. Be3 Be7 6. Bb5 
Bd7 7. Nf3 h6 8. O-O Nf6 9. Nxf6+ Bxf6 10. Bd3 P@f5 11. N@h5 N@g4 
12. Nxf6+ Qxf6 13. P@e5 Qe7 14. B@h4 g5 15. Nxg5 Nxe3 16. P@f6 Nxd1 17. fxe7 
hxg5 18. Raxd1 N@g4 19. N@f6+ Nxf6 20. exf6 Nxe7 21. N@g7+ Kd8 22. fxe7+ Kc8 
23. Bg3 B@c6 24. Q@f8+ Be8 25. f3 Rxf8 26. Rf2 Rg8 27. Nxe8 Bxe8 28. N@f6 
Q@e3 29. Nxg8 N@h3+ 30. gxh3 Qxf2+ 31. Bxf2 R@g2+ 32. Kxg2 N@f4+ 33. Kf1 P@g2+ 
34. Ke1 Nxd3+ 35. Kd2 Q@f1 36. Q@d8# 
{ronenl checkmated} 1-0

[Event "fics rated crazyhouse match"]
[Site "fics, Oklahoma City, OK USA"]
[Date "2000.11.29"]
[White "Gnejs"]
[WhiteElo "2471"]
[Black "spurs"]
[BlackElo "2222"]
[TimeControl "60+0"]
[Result "0-1"]

1. d4 e6 2. Bf4 d5 3. e3 Be7 4. Nf3 Nf6 5. Bd3 Ne4 6. Nbd2 
Nxd2 7. Nxd2 Nc6 8. O-O N@h4 9. Bg3 a6 10. c3 Bd7 11. Qg4 Rg8 
12. Bxh7 e5 13. Qe2 Rh8 14. Bc2 Nxg2 15. Kxg2 Bh3+ 16. Kg1 P@g2 17. Rfe1 
exd4 18. exd4 P@e4 19. N@f4 Bg5 20. P@f3 Bxf4 21. Bxf4 Qe7 22. fxe4 dxe4 
23. Bxe4 O-O-O 24. B@f5+ Bxf5 25. Bxf5+ Kb8 26. B@e5 Nxe5 27. Bxe5 P@d6 28. N@f4 
dxe5 29. Nxg2 N@h3+ 30. Bxh3 Rxh3 31. P@b6 Rxh2 32. Kxh2 B@f4+ 33. P@g3 Rh8# 
{Gnejs forfeits on time} 0-1

[Event "fics rated crazyhouse match"]
[Site "fics, Oklahoma City, OK USA"]
[Date "2000.11.29"]
[White "spurs"]
[WhiteElo "2235"]
[Black "Gnejs"]
[BlackElo "2457"]
[TimeControl "60+0"]
[Result "1-0"]

1. d4 Nf6 2. Nf3 e6 3. Bg5 Be7 4. Nc3 d6 5. e3 Nc6 6. Bb5 
O-O 7. Bxc6 bxc6 8. Bxf6 Bxf6 9. N@e4 Be7 10. Ng3 f5 11. Nh5 B@g4 
12. Nxg7 Kxg7 13. P@e5 d5 14. h3 Bh5 15. N@f4 Bg6 16. h4 B@g4 17. h5 
Bf7 18. h6+ Kg8 19. Qe2 Rb8 20. Rb1 N@c4 21. Nd1 Ba3 22. b3 Bb4+ 
23. c3 Na3 24. Rb2 Ba5 25. b4 Bb6 26. Rb3 Nb5 27. a4 Nxc3 28. Nxc3 
P@e4 29. N@f6+ Kh8 30. Nxe6 Rg8 31. P@g7+ Rxg7 32. hxg7# 
{Gnejs checkmated} 1-0

[Event "fics rated crazyhouse match"]
[Site "fics, Oklahoma City, OK USA"]
[Date "2000.11.29"]
[White "Gnejs"]
[WhiteElo "2444"]
[Black "spurs"]
[BlackElo "2247"]
[TimeControl "60+0"]
[Result "1-0"]

1. e4 e6 2. Nc3 d5 3. d4 Bb4 4. e5 Qh4 5. Nf3 Qe4+ 6. Be2 
Bxc3+ 7. bxc3 Ne7 8. O-O h5 9. Bd3 Qg4 10. B@h3 Qxf3 11. Qxf3 N@h4 
12. Qg3 N@f5 13. Bhxf5 Nexf5 14. Qg5 B@e7 15. Qf4 g5 16. Qd2 Nd7 17. f4 
g4 18. N@g5 Bxg5 19. fxg5 Nxg2 20. Qxg2 Nh4 21. N@g7+ Kd8 22. Nxe6+ fxe6 
23. P@g7 N@f3+ 24. Rxf3 Nxf3+ 25. Qxf3 R@e1+ 26. N@f1 P@f2+ 27. Qxf2 N@h3+ 28. Kg2 
Nxf2 29. gxh8=Q+ Q@f8 30. P@e7+ Kxe7 31. B@f6+ Qxf6 32. exf6+ Nxf6 33. Q@f8+ Kd7 
34. N@c5+ Kc6 35. Q@b5# 
{spurs checkmated} 1-0

[Event "fics rated crazyhouse match"]
[Site "fics, Oklahoma City, OK USA"]
[Date "2000.11.29"]
[White "spurs"]
[WhiteElo "2243"]
[Black "Gnejs"]
[BlackElo "2448"]
[TimeControl "60+0"]
[Result "0-1"]

1. d4 Nf6 2. Nf3 Nc6 3. Bg5 e6 4. Nc3 Be7 5. e3 d6 6. Bb5 
O-O 7. Bxc6 bxc6 8. N@e4 Nxe4 9. Bxe7 Qxe7 10. Nxe4 B@a5+ 11. B@c3 Bxc3+ 
12. bxc3 B@a5 13. N@e2 B@g6 14. B@h4 f6 15. O-O Bxe4 16. Nf4 Bxf3 17. Qxf3 
N@f5 18. e4 Nxh4 19. Qg4 f5 20. exf5 exf5 21. Qd1 P@f3 22. Re1 N@e2+ 
23. Nxe2 fxe2 24. Rxe2 B@e4 25. B@h3 N@g5 26. N@f4 Nxh3+ 27. Nxh3 N@f3+ 28. gxf3 
Nxf3+ 29. Kf1 Nxd4 30. cxd4 B@g2+ 31. Kg1 Bxh3 32. N@h4 P@f3 33. P@g6 fxe2 
34. gxh7+ Kxh7 35. P@g6+ Kh8 36. N@f7+ Rxf7 
{spurs forfeits on time} 0-1

[Event "fics rated crazyhouse match"]
[Site "fics, Oklahoma City, OK USA"]
[Date "2000.11.29"]
[White "Gnejs"]
[WhiteElo "2452"]
[Black "spurs"]
[BlackElo "2239"]
[TimeControl "60+0"]
[Result "0-1"]

1. e4 e6 2. Nc3 d5 3. d4 Bb4 4. e5 Bxc3+ 5. bxc3 N@e4 6. Bd2 
Qh4 7. Nh3 Ne7 8. B@g3 Nxg3 9. hxg3 Qe4+ 10. N@e3 Nf5 11. Bd3 Nxe3 
12. Bxe4 Nxd1 13. Rxd1 dxe4 14. N@h5 B@f8 15. Ng5 B@a6 16. Nf4 N@d5 17. Q@g4 
Nxf4 18. Bxf4 h5 19. Rxh5 Q@g1+ 20. Kd2 Qxf2+ 21. Kc1 N@e2+ 22. Kb1 Nxc3+ 
23. Ka1 P@a3 
{Gnejs forfeits on time} 0-1